 Dungeon Crawl Stone Soup version 0.18.1-1-g2f07953 (webtiles) character file.

69678 EveningNews the Bludgeoner (level 15, -7/105 HPs)
             Began as a Gargoyle Berserker on May 7, 2016.
             Was a High Priest of Trog.
             Splashed by an acid blob's acid (11 damage)
             ... on level 1 of the Pits of Slime.
             The game lasted 01:42:31 (23361 turns).

EveningNews the Bludgeoner (Gargoyle Berserker)    Turns: 23361, Time: 01:42:31

Health: -7/105     AC: 12    Str: 27    XL:     15   Next: 30%
Magic:  15/15      EV:  6    Int:  7    God:    Trog [*****.]
Gold:   1434       SH:  0    Dex: 21    Spells: 0 memorised, 14 levels left

rFire  . . .     SeeInvis .     a - +11 mace of the Spider {flame, Dex+4}
rCold  . . .     Gourm    .     L - +1 scale mail {rC+}
rNeg   + . .     Faith    .     (no shield)
rPois  ∞         Spirit   .     (helmet restricted)
rElec  +         Dismiss  .     i - +0 cloak
rCorr  .         Reflect  +     x - +0 pair of gloves
SustAt +         Harm     .     T - +2 pair of boots {run}
MR     +....                    S - +4 amulet of reflection
Stlth  ..........               w - ring of Suokism {SustAt rPois rC- Str+4}
                                W - +3 ring of dexterity

@: confused, corroded, quick, somewhat resistant to hostile enchantments,
extremely unstealthy
A: antennae 1, big wings, negative energy resistance 1, sense surroundings 1,
robust 1, electricity resistance, unbreathing, petrification resistance, rot
immunity, AC +11
a: Fly, Berserk, Trog's Hand, Brothers in Arms, Burn Spellbooks, Renounce
Religion


You were on level 1 of the Pits of Slime.
You worshipped Trog.
Trog was extremely pleased with you.
You were hungry.

You visited 4 branches of the dungeon, and saw 20 of its levels.
You also visited: Ice Cave.

You collected 1434 gold pieces.

Inventory:

Hand Weapons
 a - the +11 mace of the Spider (weapon) {flame, Dex+4}
   (You found it on level 4 of the Dungeon)

   It has been specially enchanted to burn those struck by it, causing extra
   injury to most foes and up to half again as much damage against particularly
   susceptible opponents.
   It affects your dexterity (+4).
 b - a +3 longbow of velocity
 B - a +3 antimagic executioner's axe
Missiles
 j - 104 bolts
 l - 212 arrows
 J - 7 tomahawks of dispersal
 V - 4 javelins of returning (quivered)
Armour
 i - a +0 cloak (worn)
 x - a +0 pair of gloves (worn)
 L - a +1 scale mail of cold resistance (worn)
 T - a +2 pair of boots of running (worn)
 X - a +1 scale mail of poison resistance
Rods
 v - a +4 rod of shadows (10/10)
   (You found it on level 8 of the Lair of Beasts)
Jewellery
 t - an uncursed ring of sustain attributes
 w - the ring of Suokism (right hand) {SustAt rPois rC- Str+4}
   (You found it on level 5 of the Lair of Beasts)

   [ring of sustain attributes]

   It sustains your strength, intelligence and dexterity.
   It affects your strength (+4).
   It makes you vulnerable to cold.
   It protects you from poison.
 y - an uncursed ring of positive energy
 C - an uncursed amulet of dismissal
 G - an uncursed amulet of faith
 S - a +4 amulet of reflection (around neck)
 W - a +3 ring of dexterity (left hand)
Wands
 g - a wand of acid (13/15)
 s - a wand of polymorph (13/24)
 K - a wand of flame (48/48)
 N - a wand of lightning (5/15)
 O - a wand of slowing (17/48)
Scrolls
 d - 2 scrolls of identify
 e - 2 scrolls of blinking
 f - 12 scrolls of teleportation
 k - 8 scrolls of remove curse
 p - 2 scrolls of enchant weapon
 A - a scroll of acquirement {unknown}
 F - a scroll of enchant armour
 H - 6 scrolls of fog
 P - 4 scrolls of magic mapping
 U - 2 scrolls of fear {unknown}
 Y - a scroll of brand weapon {unknown}
 Z - 4 scrolls of silence {unknown}
Potions
 h - 5 potions of mutation
 m - 3 potions of might
 n - 2 potions of curing
 q - 4 potions of agility
 r - a potion of haste
 u - a potion of heal wounds
 E - a potion of cancellation
 I - a potion of flight
 M - 6 potions of brilliance
 Q - a potion of invisibility {unknown}
Miscellaneous
 z - a phantom mirror
Comestibles
 c - 3 bread rations
 o - 10 meat rations
 R - 9 royal jellies


   Skills:
 - Level 11.6 Fighting
 - Level 15.6 Maces & Flails
 - Level 13.6 Bows
 - Level 2.6 Throwing
 + Level 13.4 Armour
 - Level 1.5 Dodging


You had 14 spell levels left.
You didn't know any spells.

Dungeon Overview and Level Annotations

Branches:
Dungeon (10/15)            Temple (0/1) D:4            Lair (8/8) D:10
 Shoals (0/4) Lair:5        Snake (1/4) Lair:3        Slime (1/6) Lair:6
    Orc (0/2) D:9

Altars:
Ashenzari
Cheibriados
Gozag
Makhleb
Nemelex Xobeh
Ru
Trog
Yredelemnul
The Shining One

Shops:
D:6 }   D:7 *   D:10 %?!(:

Annotations:
Lair:7 exclusion: oklob plant


Innate Abilities, Weirdness & Mutations

You are resistant to torment.
Your stone body is resilient (AC +11).
You are immune to poison.
Your large and strong wings let you fly indefinitely.
You resist negative energy.
You are resistant to electric shocks.
You can survive without breathing.
You are immune to petrification.
You are immune to rotting.
You have a pair of small antennae on your head.
You passively map a small area around you.
You are robust (+10% HP).


Message History

The golden eye blinks at you. You resist with some effort.
A slime creature comes into view.
The slime creature quivers.
Drink which item? (? for menu, Esc to quit)
You feel much better. The acid blob spits acid at you.
The splash of acid hits you!
* * * LOW HITPOINT WARNING * * *
The acid burns!
* * * LOW HITPOINT WARNING * * *
The golden eye blinks!
The golden eye blinks!
There is a staircase back to the Lair here.
The golden eye blinks!
The acid blob spits acid at you. The splash of acid hits you!
* * * LOW HITPOINT WARNING * * *
The acid corrodes you!
The acid burns!
You die...

##.(...........# ...
##.............###...
#...........§...#....
, ,
##...............J...
#...............J....
#....................
,
#.....§.....J........
#.......(.....>......
,
##..........@........
, ,
*#...>...............
#....................
,,
##..................#
#.........#..........
#...................#*
##..................
*, ................ *
, , ,


You could see an acid blob and 2 slime creatures.

Vanquished Creatures
  3 hydras
  Fannar (Lair:1)
  A naga warrior (Snake:1)
  4 catoblepae
  17 death yaks
  An anaconda (Snake:1)
  A fire crab (Lair:8)
  2 hill giants (D:10)
  The ghost of DunwichHorror the Slicer, a novice HaSk of Okawaru (D:5)
  2 necromancers
  6 black mambas
  4 griffons
  3 ice statues (IceCv)
  A siren (Lair:5)
  A guardian serpent (Snake:1)
  25 elephants
  Joseph (D:7)
  12 spiny frogs
  3 rime drakes
  10 komodo dragons
  7 ice devils (IceCv)
  2 trolls
  6 polar bears
  3 merfolk (Lair:5)
  Grinder (D:3)
  43 blink frogs
  Sigmund (D:4)
  33 yaks
  2 golden eyes (Slime:1)
  2 fire bats (Lair:4)
  2 hungry ghosts
  A basilisk (Lair:7)
  A steam dragon (Lair:7)
  6 hippogriffs
  2 nagas
  6 porcupines
  16 water moccasins
  An orc warrior (D:8)
  3 phantoms
  4 wasps
  4 black bears
  4 ice beasts
  A sky beast (D:6)
  4 ogres
  4 centaurs
  25 crocodiles
  A big kobold (D:7)
  10 giant frogs
  Blork the orc (D:4)
  2 scorpions
  5 electric eels
  3 wights (D:10)
  3 howler monkeys
  A crimson imp (D:5)
  2 draconian simulacra (IceCv)
  2 lava snakes (Lair:4)
  5 jellies
  8 hounds
  A centaur skeleton (D:6)
  3 giant frog skeletons
  2 orc wizards
  Crazy Yiuf (D:3)
  A gnoll shaman (D:10)
  Ijyb (D:3)
  10 iguanas
  2 spriggan simulacra (IceCv)
  Terence (D:3)
  A polar bear simulacrum (Lair:3)
  4 worker ants
  2 yak simulacra (Lair:3)
  2 troll simulacra (IceCv)
  7 sheep (Lair:5)
  A centaur simulacrum (IceCv)
  A hound skeleton (D:7)
  A worker ant zombie (D:10)
  Robin (D:4)
  A howler monkey skeleton (D:4)
  6 gnolls
  9 adders
  2 naga simulacra (IceCv)
  An ogre simulacrum (IceCv)
  84 river rats
  4 shadow imps
  5 oozes
  2 adder skeletons
  4 worms
  4 dart slugs
  12 giant geckos
  12 orcs
  9 bats
  6 giant cockroaches
  23 goblins
  12 hobgoblins
  2 jackals (D:3)
  6 quokkas
  3 ball pythons
  2 giant gecko skeletons
  10 giant newts
  11 kobolds
  9 rats
  8 river rat simulacra (Lair:3)
  2 fungi
  A plant (Lair:3)
618 creatures vanquished.

Vanquished Creatures (others)
  8 fungi
  11 plants
19 creatures vanquished.

Grand Total: 637 creatures vanquished

Notes
Turn   | Place    | Note
--------------------------------------------------------------
     0 | D:1      | EveningNews the Gargoyle Berserker began the quest for the Orb.
     0 | D:1      | Reached XP level 1. HP: 14/14 MP: 1/1
   523 | D:1      | Reached XP level 2. HP: 16/19 MP: 2/2
   839 | D:1      | Reached skill level 4 in Maces & Flails
   841 | D:1      | Reached XP level 3. HP: 19/23 MP: 3/3
  1188 | D:1      | Reached ** piety under Trog
  1445 | D:2      | Reached XP level 4. HP: 24/28 MP: 4/4
  1771 | D:2      | Reached skill level 5 in Maces & Flails
  1835 | D:2      | Found a glowing golden altar of the Shining One.
  2405 | D:2      | Reached XP level 5. HP: 31/32 MP: 5/5
  2628 | D:3      | Found an opulent altar of Gozag.
  2767 | D:3      | Noticed Crazy Yiuf
  2778 | D:3      | Killed Crazy Yiuf
  2778 | D:3      | Reached skill level 6 in Maces & Flails
  3094 | D:3      | Found a basalt altar of Yredelemnul.
  3096 | D:3      | Noticed Ijyb
  3118 | D:3      | Killed Ijyb
  3152 | D:3      | Noticed Terence
  3161 | D:3      | Killed Terence
  3161 | D:3      | Reached *** piety under Trog
  3161 | D:3      | Reached XP level 6. HP: 37/37 MP: 6/6
  3395 | D:3      | Found a sparkling altar of Nemelex Xobeh.
  3507 | D:3      | Noticed Grinder
  3514 | D:3      | Paralysed by Grinder for 2 turns
  3520 | D:3      | Paralysed by Grinder for 3 turns
  3543 | D:3      | Killed Grinder
  3543 | D:3      | Reached skill level 7 in Maces & Flails
  3543 | D:3      | Reached XP level 7. HP: 22/41 MP: 7/7
  3673 | D:4      | Noticed Robin
  3916 | D:4      | Killed Robin
  3920 | D:4      | Reached skill level 8 in Maces & Flails
  4143 | D:4      | Noticed Blork the orc
  4152 | D:4      | Killed Blork the orc
  4304 | D:4      | Noticed Sigmund
  4319 | D:4      | Killed Sigmund
  4319 | D:4      | Reached skill level 9 in Maces & Flails
  4420 | D:4      | Found a staircase to the Ecumenical Temple.
  4539 | D:4      | Reached XP level 8. HP: 45/46 MP: 8/8
  4689 | D:4      | Got a faintly glowing mace
  4690 | D:4      | Identified the +11 mace of the Spider {flame, Dex+4} (You found it on level 4 of the Dungeon)
  4699 | D:5      | Entered Level 5 of the Dungeon
  4737 | D:5      | Found a snail-covered altar of Cheibriados.
  4762 | D:5      | Noticed DunwichHorror's ghost (novice HaSk)
  4770 | D:5      | Killed DunwichHorror's ghost
  4770 | D:5      | Reached skill level 10 in Maces & Flails
  4857 | D:5      | Reached **** piety under Trog
  5021 | D:5      | Reached skill level 5 in Armour
  5021 | D:5      | Reached XP level 9. HP: 39/51 MP: 9/9
  5230 | D:5      | Found a shattered altar of Ashenzari.
  5737 | D:6      | Found Tippol's Gadget Boutique.
  6225 | D:7      | Noticed Joseph
  6241 | D:7      | Killed Joseph
  6303 | D:7      | Found a bloodstained altar of Trog.
  6416 | D:7      | Found Beduiwu's Assorted Antiques.
  6499 | D:7      | Reached skill level 10 in Armour
  6819 | D:8      | Reached XP level 10. HP: 54/56 MP: 10/10
  8042 | D:9      | Found a burning altar of Makhleb.
  8049 | D:9      | Reached skill level 5 in Fighting
  8076 | D:9      | Received a gift from Trog
  8553 | D:9      | Found a staircase to the Orcish Mines.
  8827 | D:10     | Entered Level 10 of the Dungeon
  8936 | D:10     | Found a staircase to the Lair.
  8950 | D:10     | Reached XP level 11. HP: 51/71 MP: 11/11
  8962 | D:10     | Reached skill level 10 in Fighting
  9227 | D:10     | Found Geazoo's Food Shop.
  9330 | D:10     | Noticed a hill giant
  9336 | D:10     | Killed a hill giant
  9368 | D:10     | Reached ***** piety under Trog
  9547 | D:10     | Found Hownoatwo's Book Boutique.
  9618 | D:10     | Found Jenuem's Antique Weapon Emporium.
  9638 | D:10     | Found Naobi's Distillery.
  9660 | D:10     | Found Tavacky's Magic Scroll Shop.
 10121 | D:10     | Received a gift from Trog
 10350 | Lair:1   | Entered Level 1 of the Lair of Beasts
 10363 | Lair:1   | Reached skill level 1 in Bows
 10368 | Lair:1   | Reached skill level 1 in Throwing
 10695 | Lair:1   | Got an ancient rapier
 10719 | D:10     | Gained mutation: You have a pair of small antennae on your head. [potion of mutation]
 10719 | D:10     | Gained mutation: You passively map a small area around you. [potion of mutation]
 10719 | D:10     | Gained mutation: You are robust (+10% HP). [potion of mutation]
 10822 | D:10     | Noticed a hill giant
 10866 | D:10     | Killed a hill giant
 11064 | Lair:1   | Received a gift from Trog
 11114 | Lair:1   | Found a sacrificial altar of Ru.
 11281 | Lair:1   | Reached skill level 11 in Maces & Flails
 11492 | Lair:1   | Noticed Fannar
 11504 | Lair:1   | Killed Fannar
 11504 | Lair:1   | Reached XP level 12. HP: 88/88 MP: 12/12
 11585 | Lair:1   | Received a gift from Trog
 11774 | Lair:2   | Reached skill level 12 in Maces & Flails
 12304 | Lair:3   | Got a shimmering robe
 12458 | Lair:3   | Found a frozen archway.
 12466 | IceCv    | Entered an ice cave
 12704 | IceCv    | Reached skill level 13 in Maces & Flails
 12928 | IceCv    | Received a gift from Trog
 13734 | Lair:3   | Found a staircase to the Snake Pit.
 13818 | Lair:3   | Reached skill level 14 in Maces & Flails
 13822 | Lair:3   | Received a gift from Trog
 14301 | Snake:1  | Entered Level 1 of the Snake Pit
 14321 | Snake:1  | Noticed a naga warrior
 14338 | Snake:1  | Killed a naga warrior
 14349 | Snake:1  | Noticed an anaconda
 14357 | Snake:1  | Noticed a naga warrior
 14357 | Snake:1  | Killed an anaconda
 14357 | Snake:1  | Received a gift from Trog
 14552 | Lair:3   | Noticed an eight-headed hydra
 14558 | Lair:3   | Killed an eight-headed hydra
 14558 | Lair:3   | Reached skill level 15 in Maces & Flails
 14558 | Lair:3   | Reached XP level 13. HP: 40/93 MP: 13/13
 15038 | Lair:4   | Identified a +2 pair of boots of running (You found it in an ice cave)
 15664 | Lair:5   | Got a translucent glass ring
 15677 | Lair:5   | Reached ****** piety under Trog
 15925 | Lair:5   | Reached skill level 5 in Bows
 15954 | Lair:5   | Received a gift from Trog
 15977 | Lair:5   | Found a staircase to the Shoals.
 16619 | Lair:4   | Received a gift from Trog
 17523 | Lair:6   | Gained mutation: Your large and strong wings let you fly indefinitely. [Gargoyle growth]
 17523 | Lair:6   | Reached XP level 14. HP: 95/100 MP: 14/14
 17557 | Lair:6   | Reached skill level 10 in Bows
 17669 | Lair:6   | Found a staircase to the Slime Pits.
 19094 | Lair:8   | Entered Level 8 of the Lair of Beasts
 19517 | Lair:8   | Found a dark tunnel.
 19758 | Lair:8   | Received a gift from Trog
 19796 | Lair:8   | Identified the ring of Suokism {SustAt rPois rC- Str+4} (You found it on level 5 of the Lair of Beasts)
 21904 | Lair:8   | Reached XP level 15. HP: 105/105 MP: 15/15
 23276 | Slime:1  | Entered Level 1 of the Pits of Slime
 23347 | Slime:1  | Noticed an acid blob
 23361 | Slime:1  | HP: 4/105 [acid blob/splash of acid (8)]
 23361 | Slime:1  | Splashed by an acid blob's acid

Skill      XL: |  1  2  3  4  5  6  7  8  9 10 11 12 13 14 15 |
---------------+----------------------------------------------+-----
Maces & Flails | 4 5 6 7 9 10 11 15 | 15.6
Armour         | 5 10 11 13 | 13.4
Fighting       | 9 11 | 11.6
Bows           | 3 9 13 | 13.6
Throwing       | 2 |  2.6
Dodging        | |  1.5

Action                   |  1- 3 |  4- 6 |  7- 9 | 10-12 | 13-15 || total
-------------------------+-------+-------+-------+-------+-------++-------
Melee: Mace              |   116 |   237 |   214 |   781 |   864 ||  2212
 Fire: Shortbow          |       |       |       |     2 |       ||     2
       Longbow           |       |       |       |       |   179 ||   179
Throw: Javelin           |       |       |       |     4 |    14 ||    18
Invok: Berserk           |       |     4 |     5 |     4 |     4 ||    17
       Burn Spellbooks   |       |       |       |     1 |       ||     1
  Use: Scroll            |       |       |     2 |    16 |     9 ||    27
       Potion            |       |       |       |    11 |     4 ||    15
 Stab: Sleeping          |       |     2 |     1 |       |       ||     3
       Invisible         |       |     1 |       |       |       ||     1
       Petrifying        |       |       |       |       |     1 ||     1
       Petrified         |       |       |       |       |     1 ||     1
  Eat: Chunk             |     2 |     4 |     6 |    20 |    15 ||    47
       Bread ration      |       |     1 |     1 |     1 |     2 ||     5
       Beef jerky        |       |     1 |     1 |     3 |       ||     5
       Meat ration       |       |       |     1 |       |       ||     1
       Fruit             |       |       |       |     3 |     4 ||     7
       Royal jelly       |       |       |       |     1 |       ||     1
       Pizza             |       |       |       |       |     2 ||     2
Armor: Animal skin       |    52 |    86 |    54 |       |       ||   192
       Leather armour    |       |       |    27 |    19 |       ||    46
       Scale mail        |       |       |       |   379 |   507 ||   886
Dodge: Dodged            |   103 |   152 |   118 |   366 |   376 ||  1115
Block: Other             |       |       |       |       |    64 ||    64
       Reflection        |       |       |       |       |     1 ||     1
